 Dungeon Crawl Stone Soup version 0.13.0-9-gbc74161 (webtiles) character file.

83236 Bloax the Fencer (level 15, -9/96 HPs)
             Began as a Gargoyle Berserker on Oct 18, 2013.
             Was a High Priest of Trog.
             Mangled by a tentacle (14 damage)
             ... attached to a kraken
             ... on Level 4 of the Shoals.
             The game lasted 01:10:05 (8169 turns).

Bloax the Fencer (Gargoyle Berserker)               Turns: 8169, Time: 01:10:05

HP  -9/96        AC 34     Str 25      XL: 15   Next: 30%
MP  25/25        EV  8     Int  7 (8)  God: Trog [*****.]
Gold 780         SH  2     Dex 10 (13) Spells:  0 memorised, 14 levels left

Res.Fire  : . . .   See Invis. : .   e - +1,+2 triple sword (elec)
Res.Cold  : . . .   Warding    : .   n - +0 orc chain mail
Life Prot.: + . .   Conserve   : .   (no shield)
Res.Poison: +       Res.Corr.  : .   C - +2 helmet
Res.Elec. : +       Clarity    : .   O - +0 elf cloak
Sust.Abil.: . .     Spirit.Shd : .   X - +0 pair of gloves
Res.Mut.  : .       Prev.Telep.: +   t - +2 pair of boots {run}
Res.Rott. : +       Flight     : +   m - amulet of faith {!P}
Saprovore : . . .                    P - ring "Uzeko" {Regen -Tele Dex+2}
                                     g - +4,+4 ring of slaying

@: regenerating, flying, quick, very resistant to hostile enchantments,
extremely unstealthy
A: large and strong wings, fangs 1, talons 2, life protection 1, electricity
resistance, slow metabolism 1, unbreathing, petrification resistance, AC +13, SH
+2
a: Stop Flying, Burn Spellbooks, Berserk, Trog's Hand, Brothers in Arms,
Renounce Religion
}: 1/15 runes: gossamer


You were on level 4 of the Shoals.
You worshipped Trog.
Trog was extremely pleased with you.
You were not hungry.

You visited 4 branches of the dungeon, and saw 28 of its levels.

You collected 1004 gold pieces.
You spent 244 gold pieces at shops.


Innate Abilities, Weirdness & Mutations

You are resistant to torment.
You are immune to poison.
You can fly continuously.
Your stone body is very resilient (AC +11).
Your wings are large and strong.
You have very sharp teeth.
You have razor-sharp toenails.
You resist negative energy.
You are resistant to electric shocks.
You have a slow metabolism.
You can survive without breathing.
You are immune to petrification.
You are partially covered in large bone plates (AC +2, SH +2).


   Skills:
 + Level 14.1 Fighting
 * Level 15.8 Long Blades
 - Level 10.7 Armour
 + Level 8.6 Dodging
 - Level 7.1 Evocations


You had 14 spell levels left.
You didn't know any spells.

Dungeon Overview and Level Annotations

Branches:
Dungeon (11/27)              Lair (8/8) D:10         Shoals (4/5) Lair:5
 Spider (5/5) Lair:6
 Temple: D:4-7          Orc: D:6-11       Slime: Lair:6-8

Altars:
Elyvilon
Makhleb
Nemelex Xobeh
Xom
Yredelemnul
Zin
Jiyva

Shops:
D:4 ![   D:5 +%*

Inventory:

Hand weapons
 d - a +1,+1 demon blade of electrocution {PANZERFAUST}
   (You acquired it on level 5 of the Lair of Beasts)
 e - a +1,+2 triple sword of electrocution (weapon)
   (You took it off Rupert on level 3 of the Shoals)
 f - a +0,+4 anti-magic triple sword
   (Trog gifted it to you on level 5 of the Spider Nest)
 w - a +0,+1 great sword of holy wrath
   (Trog gifted it to you on level 8 of the Lair of Beasts)
Missiles
 r - 7 javelins (quivered)
Armour
 n - a +0 orcish chain mail (worn)
   (You took it off an orc on level 5 of the Dungeon)
 t - a +2 pair of boots of running (worn)
   (You found it on level 4 of the Spider Nest)
 C - a +2 helmet (worn)
   (You bought it in a shop on level 4 of the Dungeon)
 D - a +1 buckler of resistance
   (You bought it in a shop on level 4 of the Dungeon)
 L - a +0 cloak
   (You found it on level 3 of the Lair of Beasts)
 O - a +0 elven cloak (worn)
   (You found it on level 4 of the Spider Nest)
 X - a +0 pair of gloves (worn)
   (You found it on level 2 of the Shoals)
Magical devices
 o - a wand of digging (14)
   (You found it on level 6 of the Dungeon)
 y - a wand of teleportation (5)
   (You found it on level 1 of the Spider Nest)
 B - a wand of slowing (15)
   (You found it on level 10 of the Dungeon)
 E - a wand of disintegration (3)
   (You found it on level 1 of the Lair of Beasts)
Comestibles
 c - 11 bread rations
 z - 5 meat rations
 R - 3 pieces of ambrosia
Scrolls
 a - 2 scrolls of immolation {!r}
 h - 2 scrolls of remove curse
 i - a scroll of fear
 u - 2 scrolls of blinking
 G - a scroll of noise {!r}
 S - a scroll of magic mapping
 U - 3 scrolls of teleportation
 Y - 2 scrolls of enchant weapon II
Jewellery
 g - a +4,+4 ring of slaying (left hand)
   (You found it on level 3 of the Dungeon)
 j - an uncursed ring of flight {unknown}
   (You found it on level 4 of the Spider Nest)
 m - an amulet of faith (around neck) {!P}
   (You found it on level 8 of the Lair of Beasts)
 x - an uncursed amulet of conservation
   (You found it on level 3 of the Lair of Beasts)
 F - an uncursed ring of sustenance {unknown}
   (You found it on level 4 of the Shoals)
 H - an uncursed ring of wizardry
   (You found it on level 4 of the Spider Nest)
 P - the ring "Uzeko" (right hand) {Regen -Tele Dex+2}
   (You found it on level 5 of the Lair of Beasts)

   [ring of regeneration]

   It affects your dexterity (+2).
   It prevents most forms of teleportation.
 Q - a +2,+5 ring of slaying
   (You found it on level 5 of the Lair of Beasts)
 V - an uncursed ring of poison resistance {unknown}
   (You found it on level 1 of the Spider Nest)
 W - a cursed -5 ring of protection {unknown}
   (You found it on level 1 of the Shoals)
 Z - an uncursed amulet of inaccuracy {unknown}
   (You found it on level 3 of the Shoals)
Potions
 b - 2 potions of curing
 k - a potion of speed
 l - a potion of restore abilities
 p - a potion of resistance
 q - a potion of strong poison {unknown}
 v - a potion of poison {unknown}
 A - a potion of mutation {unknown}
 M - a potion of magic
 N - a potion of heal wounds
Books
 T - Roxanne's Tome of Earthen Transformation
   (You took it off Roxanne on level 2 of the Spider Nest)

   Spells                             Type                      Level
   Beastly Appendage                  Transmutation                1
   Stoneskin                          Transmutation/Earth          2
   Ignite Poison                      Fire/Transmutation           5
   Blade Hands                        Transmutation                5
   Statue Form                        Transmutation/Earth          6
   Trog disapproves of the use of such an item.
Miscellaneous
 s - a disc of storms
   (You found it on level 4 of the Lair of Beasts)

~~~~~~~~~~t*)..~~~~~
..~~~~~..~.ww#
...~~~~......<#
#.~~~~.........#
#.~~~~...*.*.....
~~~~~~..*##.**....
~~~~~~~.*)#*****....
~~~~~~~~.www.#*¤¤~~~~
~~~~~~~...@P***¤¤~~~~~ .
~~~~~~~~...wP¤¤¤X¤~~~~
.~~~~~~~~~~~..~~~~~¤~~~~
.~~~~~~~~~~~....~P~¤¤~~P
.~~~~~~~~~~~~...~~P~~¤~~
~~~~~~~~~~~~~..~P~~PPPP
~~~~~~~~......~~~~~PPP
~~~~..~.......~~~~~~~~
~~~~~.....##....PPP~~~


You could see a kraken and 4 tentacles.


Message History

You kill the tentacle!
A tentacle rises from the water!
The tentacle slaps you!
* * * LOW HITPOINT WARNING * * *
The tentacle slaps you but does no damage.
Unknown command.
You barely miss the tentacle. The tentacle barely misses you.
The tentacle slaps you but does no damage.
The tentacle slaps you.
* * * LOW HITPOINT WARNING * * *
Unknown command.
You slice the tentacle!!
The tentacle is severely wounded.
The tentacle slaps you.
* * * LOW HITPOINT WARNING * * *
The tentacle barely misses you.
The tentacle slaps you but does no damage.
The tentacle slaps you.
* * * LOW HITPOINT WARNING * * *
You closely miss the tentacle. You bite the tentacle.
The tentacle is severely wounded.
The tentacle slaps you but does no damage.
The tentacle closely misses you.
The tentacle slaps you but does no damage.
Unknown command.
Unknown command.
You barely miss the tentacle.
The tentacle is severely wounded.
The tentacle barely misses you.
The tentacle slaps you but does no damage.
The tentacle closely misses you.
The tentacle slaps you but does no damage.
The tentacle slaps you!
* * * LOW HITPOINT WARNING * * *
The tentacle slaps you but does no damage.
Unknown command.
Unknown command.
You slice the tentacle!!
You kill the tentacle!
The tentacle slaps you but does no damage.
A tentacle rises from the water!
The tentacle slaps you but does no damage.
The tentacle slaps you.
* * * LOW HITPOINT WARNING * * *
The tentacle slaps you but does no damage.
Unknown command.
You slash the tentacle!
The tentacle is moderately wounded.
The tentacle closely misses you. The tentacle slaps you.
* * * LOW HITPOINT WARNING * * *
The tentacle slaps you but does no damage.
The tentacle completely misses you.
Unknown command.
Unknown command.
You slice the tentacle!!
The tentacle is severely wounded.
The tentacle slaps you!
* * * LOW HITPOINT WARNING * * *
The tentacle slaps you.
* * * LOW HITPOINT WARNING * * *
The kraken squirts a massive cloud of ink into the water!
The tentacle slaps you.
* * * LOW HITPOINT WARNING * * *
You hit the tentacle.
The tentacle is severely wounded.
The tentacle slaps you but does no damage.
The tentacle slaps you!
* * * LOW HITPOINT WARNING * * *
The tentacle slaps you but does no damage.
The tentacle slaps you!
You die...

Action                   |  1- 3 |  4- 6 |  7- 9 | 10-12 | 13-15 || total
-------------------------+-------+-------+-------+-------+-------++-------
Melee: Falchion          |    33 |    76 |       |       |       ||   109
       Long sword        |       |    29 |   196 |   526 |       ||   751
       Demon blade       |       |       |       |   161 |   524 ||   685
       Triple sword      |       |       |       |       |   151 ||   151
Invok: Berserk           |     1 |     2 |     6 |    10 |     3 ||    22
       Trog's Hand       |       |     2 |     6 |     3 |    24 ||    35
       Burn Spellbooks   |       |       |       |     1 |       ||     1
       Brothers in Arms  |       |       |       |       |     2 ||     2
 Abil: Fly               |       |       |       |       |     3 ||     3
       Stop Flying       |       |       |       |       |     2 ||     2
Evoke: Wand              |       |       |       |     8 |    26 ||    34
       Miscellaneous     |       |       |       |       |    21 ||    21
  Use: Scroll            |       |     2 |       |    21 |    12 ||    35
       Potion            |       |     1 |     6 |     3 |     7 ||    17
 Stab: Paralysed         |       |       |       |     1 |     9 ||    10
       Fleeing           |       |       |       |       |     1 ||     1
       Petrifying        |       |       |       |       |     1 ||     1
       Petrified         |       |       |       |       |     1 ||     1

Vault maps used:
D:1:      dpeg_entry_fog, minivault_23
D:2:      general_overflow_altar, makhleb_heckhound_becter, first_bread,
          minmay_misc_feat_enclosed, dk_vineyard_1
D:4:      serial_shops, shop, shop, shop, jiyva_altar_1
D:5:      serial_shops, shop, shop, shop, shop
D:6:      nicolae_overflow_hidden_temple, lemuel_doored_altar,
          grunt_decor_clamped, uniq_menkaure
D:7:      lemuel_crystal_altar, overflow_temple_1_default,
          minmay_temple_entry_nine_rooms, grunt_ministairs_2, st_stairs_5,
          nicolae_good_shop
D:8:      overflow_temple_1_default, uniq_joseph
D:9:      lemuel_crystal_altar, elyvilon_altar_5, minmay_stone_trees_medium,
          uniq_prince_ribbit1
D:10:     minmay_orc_entry_temple_small, dpeg_lair_monsters
D:11:     enter_trove_1, serial_pond, minmay_pond_plants_b,
          minmay_pond_plants_j, hangedman_abyss_or_decor_lesser_grid
Lair:1:   guppyfry_mini_stream
Lair:3:   roderic_carrion_pond
Lair:5:   minmay_shoals_entry_sharks
Lair:6:   spider_nest_entry_webs, slime_altar_2
Lair:8:   minmay_lair_end_enchanted_forest
Shoals:1: uniq_kirke
Shoals:2: nicolae_shoals_hunting_party
Shoals:3: uniq_rupert, uniq_polyphemus
Spider:2: uniq_roxanne, uniq_arachne
Spider:3: uniq_jorgrun
Spider:4: nicolae_orb_island
Spider:5: grunt_spider_rune_island

Notes
Turn   | Place    | Note
--------------------------------------------------------------
     0 | D:1      | Bloax, the Gargoyle Berserker, began the quest for the Orb.
     0 | D:1      | Reached XP level 1. HP: 14/14 MP: 0/0
   146 | D:2      | Reached XP level 2. HP: 16/19 MP: 1/1
   195 | D:2      | Found a burning altar of Makhleb.
   206 | D:2      | Noticed a hound
   214 | D:2      | Killed a hound
   214 | D:2      | Reached skill level 3 in Long Blades
   214 | D:2      | Reached XP level 3. HP: 24/24 MP: 2/2
   232 | D:2      | Acquired Trog's second power
   251 | D:3      | YOU FEEL A STRONG URGE TO ATTACK YOURSELF
   356 | D:2      | Reached XP level 4. HP: 28/28 MP: 3/3
   431 | D:4      | Reached skill level 3 in Armour
   453 | D:4      | Found Bucralus' Antique Armour Emporium.
   461 | D:4      | archaeo: hello
   461 | D:4      | Bloax: hi
   473 | D:4      | archaeo: look at those 40 gp boots of running
   493 | D:4      | Found a viscous altar of Jiyva.
   505 | D:4      | archaeo: maybe
   508 | D:4      | archaeo: it's time
   511 | D:4      | archaeo: to go jiyva
   530 | D:4      | Reached skill level 4 in Fighting
   576 | D:4      | Found Yghauv's Distillery.
   581 | D:4      | Bought a potion of heal wounds for 42 gold pieces
   597 | D:5      | Entered Level 5 of the Dungeon
   606 | D:5      | Reached skill level 4 in Long Blades
   606 | D:5      | Reached XP level 5. HP: 30/33 MP: 4/4
   833 | D:5      | Found Coaxan's Assorted Antiques.
   843 | D:5      | Bought a bubbling black potion for 20 gold pieces
   876 | D:5      | Found Ghein's Book Shoppe.
   884 | D:5      | doctor doctor
   884 | D:5      | i think i may have the smarts
   884 | D:5      | what do
   884 | D:5      | here
   884 | D:5      | drink this
   897 | D:5      | well that's cool
   930 | D:5      | not bad
   936 | D:5      | Noticed a sky beast
   937 | D:5      | Found Nemairut's Food Emporium.
   943 | D:5      | Killed a sky beast
   943 | D:5      | Reached XP level 6. HP: 39/39 MP: 5/5
   945 | D:5      | Reached skill level 4 in Armour
  1012 | D:4      | Bought a pair of embroidered elven boots for 48 gold pieces
  1015 | D:4      | Identified a +1 pair of elven boots of running (You bought it in a shop on level 4 of the Dungeon)
  1015 | D:4      | archaeo: wow
  1015 | D:4      | archaeo: called it
  1015 | D:4      | Bloax: running it was
  1065 | D:4      | holy shit
  1084 | D:4      | 4tharraofdagon: plz CLAM DOWN sometimes
  1163 | D:5      | archaeo: take it easy
  1265 | D:6      | Reached skill level 5 in Long Blades
  1267 | D:6      | Reached skill level 5 in Fighting
  1274 | D:6      | Reached XP level 7. HP: 33/44 MP: 6/6
  1301 | D:6      | Noticed a necrophage
  1321 | D:6      | Killed a necrophage
  1380 | D:6      | Reached skill level 6 in Long Blades
  1380 | D:6      | Reached skill level 5 in Armour
  1390 | D:6      | Found a glowing silver altar of Zin.
  1482 | D:6      | Noticed Menkaure
  1495 | D:6      | Killed Menkaure
  1495 | D:6      | Reached XP level 8. HP: 39/49 MP: 7/7
  1564 | D:7      | Reached skill level 6 in Fighting
  1598 | D:7      | Found a basalt altar of Yredelemnul.
  1653 | D:7      | Found a shimmering altar of Xom.
  1724 | D:7      | Reached skill level 7 in Long Blades
  1838 | D:8      | Reached skill level 6 in Armour
  1847 | D:9      | Found a sparkling altar of Nemelex Xobeh.
  1851 | D:9      | Found a white marble altar of Elyvilon.
  1934 | D:9      | Reached XP level 9. HP: 42/55 MP: 8/8
  1999 | D:10     | Entered Level 10 of the Dungeon
  2012 | D:10     | Noticed an elephant
  2013 | D:10     | Noticed an elephant
  2016 | D:10     | Noticed an elephant
  2017 | D:10     | Noticed an elephant
  2017 | D:10     | wait a second here
  2046 | D:9      | Reached skill level 7 in Fighting
  2046 | D:9      | Reached skill level 8 in Long Blades
  2055 | D:9      | Gained mutation: You are partially covered in large bone plates (AC +2, SH +2). [potion of beneficial mutation]
  2073 | D:9      | Killed an elephant
  2073 | D:9      | Acquired Trog's third power
  2087 | D:9      | HP: 10/56 [elephant (10)]
  2092 | D:9      | HP: 12/56 [elephant (5)]
  2096 | D:9      | Killed an elephant
  2096 | D:9      | Reached skill level 7 in Armour
  2097 | D:9      | who is your daddy and what does he do
  2171 | D:10     | Killed an elephant
  2171 | D:10     | Reached skill level 8 in Fighting
  2171 | D:10     | Reached skill level 9 in Long Blades
  2177 | D:10     | Killed an elephant
  2182 | D:10     | 4tharraofdagon: PUT THAT COOKIE DOWN!!!
  2192 | D:10     | 4tharraofdagon: NOW
  2192 | D:10     | Noticed an elephant
  2193 | D:10     | Bloax: SHAAAAAHTT AAAAAAAAAAAAAAAAAAAAAAAAWPPPPPPPPP
  2199 | D:10     | Noticed an elephant
  2217 | D:10     | Killed an elephant
  2217 | D:10     | Reached skill level 8 in Armour
  2217 | D:10     | Reached XP level 10. HP: 26/62 MP: 9/9
  2230 | D:10     | HP: 11/62 [elephant (6)]
  2235 | D:10     | Killed an elephant
  2260 | D:10     | 4tharraofdagon: wrecking shit
  2261 | D:10     | Noticed an elephant
  2271 | D:10     | 4tharraofdagon: i cant watch this
  2275 | D:10     | Killed an elephant
  2279 | D:10     | Reached skill level 10 in Long Blades
  2292 | D:10     | Reached skill level 9 in Fighting
  2295 | D:10     | HP: 13/63 [yak (3)]
  2327 | D:10     | Found a staircase to the Lair.
  2345 | D:10     | Noticed an elephant
  2346 | D:10     | 4tharraofdagon: do you ever regen
  2350 | D:11     | i do regen
  2350 | D:11     | but i also want a sword
  2376 | D:11     | 4tharraofdagon: fair point
  2415 | D:11     | Reached skill level 9 in Armour
  2436 | D:11     | 4tharraofdagon: also
  2472 | D:11     | 4tharraofdagon: GET TO DA CHABBAA, NOW!
  2481 | D:10     | GET TO DA CHOPPA
  2508 | D:10     | Killed an elephant
  2613 | D:10     | Reached XP level 11. HP: 43/68 MP: 10/10
  2622 | D:10     | Reached skill level 11 in Long Blades
  2877 | D:6      | Noticed a centaur
  2890 | D:6      | Killed a centaur
  3017 | D:4      | Bought a helmet for 67 gold pieces
  3017 | D:4      | Bought a shiny buckler for 67 gold pieces
  3039 | D:4      | lol
  3403 | Lair:1   | Entered Level 1 of the Lair of Beasts
  3475 | Lair:1   | this is why i'm keeping the shield on
  3503 | Lair:1   | Noticed a six-headed hydra
  3570 | Lair:1   | Reached skill level 10 in Fighting
  3576 | Lair:1   | Killed a nine-headed hydra
  3576 | Lair:1   | Reached skill level 2 in Dodging
  3577 | Lair:1   | die
  3679 | Lair:1   | all done!
  3950 | Lair:2   | Reached skill level 12 in Long Blades
  4057 | Lair:3   | Reached skill level 3 in Dodging
  4069 | Lair:3   | too bad i'm rot proof huh
  4093 | Lair:3   | and stone proof
  4284 | Lair:3   | Received a gift from Trog
  4285 | Lair:3   | thanks trog
  4455 | Lair:4   | Reached XP level 12. HP: 51/75 MP: 11/11
  4590 | Lair:4   | HP: 18/76 [yak (6)]
  4595 | Lair:4   | HP: 14/76 [yak (4)]
  4596 | Lair:4   | HP: 5/76 [yak (10)]
  4726 | Lair:4   | Reached skill level 10 in Armour
  4808 | Lair:5   | Reached skill level 4 in Dodging
  4826 | Lair:5   | Found a staircase to the Shoals.
  4868 | Lair:5   | archaeo: fukin shoals
  4870 | Lair:5   | Reached skill level 11 in Fighting
  4872 | Lair:5   | archaeo: cmon m8
  4905 | Lair:5   | Got a scintillating steel ring
  4913 | Lair:5   | regen
  4913 | Lair:5   | wooo
  4952 | Lair:5   | 4tharraofdagon: one ugly rolls
  5028 | Lair:5   | archaeo: SLICE
  5029 | Lair:5   | Identified a scroll of acquirement
  5032 | Lair:5   | yeahhhh
  5039 | Lair:5   | archaeo: nice
  5060 | Lair:5   | slice and dice
  5162 | Lair:6   | Found a hole to the Spider Nest.
  5169 | Lair:6   | Shoals/Spider
  5169 | Lair:6   | nice
  5178 | Lair:6   | Reached skill level 13 in Long Blades
  5181 | Lair:6   | I have the
  5181 | Lair:6   | too
  5293 | Lair:8   | Entered Level 8 of the Lair of Beasts
  5581 | Lair:8   | Received a gift from Trog
  5599 | Lair:8   | Reached skill level 5 in Dodging
  5651 | Lair:8   | archaeo: lol
  5651 | Lair:8   | typical
  5693 | Lair:8   | archaeo: disc
  5696 | Lair:8   | archaeo: awesome
  5700 | Lair:8   | Noticed a death yak
  5703 | Lair:8   | Noticed a death yak
  5706 | Lair:8   | Noticed a death yak
  5709 | Lair:8   | Noticed a death yak
  5714 | Lair:8   | Killed a death yak
  5714 | Lair:8   | Reached skill level 1 in Evocations
  5714 | Lair:8   | Reached XP level 13. HP: 81/81 MP: 11/14
  5718 | Lair:8   | I CAN BE MAD TOO
  5718 | Lair:8   | Killed a death yak
  5722 | Lair:8   | Killed a death yak
  5723 | Lair:8   | Reached skill level 2 in Evocations
  5728 | Lair:8   | Killed a death yak
  5734 | Lair:8   | YOU DON'T WANT TO SEE ME MAD
  5734 | Lair:8   | BECAUSE THEN YOU WON'T BE MAD EVER AGAIN
  5748 | Lair:8   | Noticed a death yak
  5762 | Lair:8   | Killed a death yak
  5813 | Lair:8   | Noticed a spriggan rider
  5830 | Lair:8   | Killed a spriggan
  5838 | Lair:8   | Killed a giant firefly
  5870 | Lair:8   | yeahhh
  5890 | Lair:8   | BURN
  5921 | Lair:8   | Noticed a seven-headed hydra
  5928 | Lair:8   | Killed a ten-headed hydra
  5928 | Lair:8   | Reached skill level 12 in Fighting
  5928 | Lair:8   | Reached skill level 6 in Dodging
  5929 | Lair:8   | scared.jpg
  5954 | Lair:6   | archaeo: spider?
  5963 | Spider:1 | Entered Level 1 of the Spider Nest
  6001 | Spider:2 | fuck this shit
  6006 | Spider:2 | Noticed Roxanne
  6009 | Spider:1 | -TELE ring
  6009 | Spider:1 | not bad
  6011 | Spider:1 | Identified the ring "Uzeko" {Regen -Tele Dex+2} (You found it on level 5 of the Lair of Beasts)
  6024 | Spider:1 | You feel a surge of GIFTS
  6048 | Spider:2 | Reached skill level 14 in Long Blades
  6052 | Spider:2 | Noticed Arachne
  6085 | Spider:2 | Killed Arachne
  6085 | Spider:2 | Reached skill level 3 in Evocations
  6086 | Spider:2 | DEATH TO THEM ALL
  6133 | Spider:2 | You fall through a shaft!
  6134 | Spider:4 | needs more flight
  6155 | Spider:4 | HP: 20/82 [jumping spider (8)]
  6215 | Spider:4 | archaeo: but don't forget regen ring
  6255 | Spider:4 | archaeo: that's a pretty outstanding amount of slaying tho
  6295 | Spider:4 | splash
  6308 | Spider:4 | ZoFy: insert slouch here
  6320 | Spider:4 | Reached skill level 4 in Evocations
  6324 | Spider:4 | Received a gift from Trog
  6329 | Spider:4 | HP: 20/82 [spider (5)]
  6334 | Spider:4 | HP: 14/82 [shot self]
  6334 | Spider:4 | HP: 6/82 [shot self (8)]
  6387 | Spider:4 | fucking die
  6486 | Spider:4 | archaeo: glowing boots?
  6488 | Spider:4 | archaeo: oh right
  6488 | Spider:4 | archaeo: running
  6488 | Spider:4 | archaeo: well but chei
  6511 | Spider:4 | Identified a +2 pair of boots of running (You found it on level 4 of the Spider Nest)
  6511 | Spider:4 | lol
  6528 | Spider:4 | archaeo: lol
  6531 | Spider:5 | Entered Level 5 of the Spider Nest
  6579 | Spider:5 | Gained mutation: Your wings are large and strong. [gargoyle growth]
  6579 | Spider:5 | Reached XP level 14. HP: 68/89 MP: 21/21
  6586 | Spider:5 | no
  6617 | Spider:5 | Reached skill level 7 in Dodging
  6619 | Spider:5 | HP: 22/89 [redback (8)]
  6628 | Spider:5 | Reached skill level 5 in Evocations
  6628 | Spider:5 | HP: 18/89 [jumping spider (7)]
  6655 | Spider:5 | get
  6655 | Spider:5 | good
  6677 | Spider:5 | ZoFy: I'd have a heart attack after playing like this for 20 minutes.
  6764 | Spider:5 | Bloax: Moderately uncommon spider mostly in the Spider's Nest that tries to maintain its range and shoot orbs of destruction to try and make you side-step into webs
  6764 | Spider:5 | Bloax: moderately uncommon
  6764 | Spider:5 | Bloax: more like
  6764 | Spider:5 | Bloax: extremely common
  6775 | Spider:5 | Received a gift from Trog
  6777 | Spider:5 | thanks trog
  6788 | Spider:5 | this calls for reinforcements
  6789 | Spider:5 | ZoFy: ZERKFISH!
  6789 | Spider:5 | YOU COULD HAVE PREVENTED THIS
  6797 | Spider:5 | honestly i'm more worried about the zerked ghost moths
  6802 | Spider:5 | Reached skill level 13 in Fighting
  6804 | Spider:5 | Noticed an emperor scorpion
  6817 | Spider:5 | Killed an emperor scorpion
  6818 | Spider:5 | like that
  6827 | Spider:5 | Killed a ghost moth
  6832 | Spider:5 | Noticed an emperor scorpion
  6832 | Spider:5 | 4tharraofdagon: n1 !
  6886 | Spider:5 | wee
  6886 | Spider:5 | Thanks Trog.
  6889 | Spider:5 | Noticed an emperor scorpion
  6912 | Spider:5 | HP: 14/89 [emperor scorpion (12)]
  6922 | Spider:5 | oh nice
  6923 | Spider:5 | archaeo: wow
  6931 | Spider:5 | Got a gossamer rune of Zot
  6949 | Spider:5 | archaeo: what a tele
  6957 | Spider:5 | ZoFy: MLG Pro tele
  6965 | Spider:5 | Reached skill level 6 in Evocations
  6973 | Spider:5 | pro escape tactics
  7013 | Spider:5 | HP: 18/89 [emperor scorpion (13)]
  7019 | Spider:5 | HP: 22/89 [something (1)]
  7020 | Spider:5 | Killed an emperor scorpion
  7022 | Spider:5 | Killed a ghost moth
  7089 | Spider:4 | no fuck you
  7098 | Spider:4 | by the time i find a scimitar
  7098 | Spider:4 | i have a demon blade of electrocution
  7098 | Spider:4 | and an anti-magic triple sword
  7098 | Spider:4 | archaeo: thx trog
  7098 | Spider:4 | long blades are fucking terrible
  7128 | Spider:4 | Reached skill level 15 in Long Blades
  7248 | Spider:2 | fuck you all
  7269 | Spider:2 | AAAAAAAAAAAA
  7288 | Spider:2 | Received a gift from Trog
  7329 | Spider:2 | Killed Roxanne
  7331 | Spider:2 | Identified Roxanne's Tome of Earthen Transformation (You took it off Roxanne on level 2 of the Spider Nest)
  7332 | Spider:2 | statue form is go
  7341 | Spider:1 | archaeo: is statue form better or worse on Gr
  7368 | Spider:1 | 4tharraofdagon: that spider was so gut
  7383 | Spider:1 | Reached skill level 8 in Dodging
  7390 | Spider:1 | Reached skill level 7 in Evocations
  7425 | Lair:6   | archaeo: man
  7470 | Lair:5   | archaeo: I just won a game where I didn't see =slaying until zig:27
  7474 | Shoals:1 | Entered Level 1 of the Shoals
  7475 | Shoals:1 | Bloax: and here we have two alright ones
  7637 | Shoals:2 | Reached XP level 15. HP: 90/96 MP: 25/25
  7686 | Shoals:3 | Noticed Rupert
  7688 | Shoals:3 | Noticed Polyphemus
  7698 | Shoals:3 | ZoFy: Stronger than in my game.
  7778 | Shoals:3 | Killed Rupert
  7778 | Shoals:3 | Reached skill level 14 in Fighting
  7816 | Shoals:3 | HP: 31/144 [Polyphemus (14)]
  7818 | Shoals:3 | Killed Polyphemus
  7958 | Shoals:3 | where's my sword
  7973 | Shoals:3 | ZoFy: Under the sea?
  7996 | Shoals:3 | YEEE
  7996 | Shoals:3 | archaeo: dang
  7996 | Shoals:3 | YEAH BABY
  7996 | Shoals:3 | 4tharraofdagon: wow
  8011 | Shoals:4 | worth the wait
  8011 | Shoals:4 | Noticed a kraken
  8022 | Shoals:3 | shit
  8168 | Shoals:4 | HP: 20/96 [tentacle[attached to a kraken] (10)]
  8169 | Shoals:4 | HP: 5/96 [tentacle[attached to a kraken] (12)]
  8169 | Shoals:4 | Mangled by a tentacle

Vanquished Creatures
  Arachne (Spider:2)
  Polyphemus (Shoals:3)
  Rupert (Shoals:3)
  Roxanne (Spider:2)
  2 ghost moths (Spider:5)
  A siren (Shoals:3)
  A ravenous item mimic (Spider:4)
  2 hydras
  7 death yaks
  A catoblepas (Shoals:3)
  4 sea snakes
  2 red wasps (Spider:5)
  16 wolf spiders
  8 elephants
  23 jumping spiders
  3 spiny frogs
  3 komodo dragons
  6 mermaids
  2 demonic crawlers
  14 blink frogs
  8 spriggans (Lair:8)
  A giant firefly (Lair:8)
  12 orb spiders
  2 fire drakes
  2 snapping turtles
  3 slime creatures (D:10)
  5 grizzly bears (Lair:8)
  6 tarantellas
  A wraith (D:11)
  A basilisk (Lair:3)
  15 redbacks
  9 trapdoor spiders
  5 sharks (Lair:5)
  3 hippogriffs
  18 wolves (Lair:8)
  25 yaks
  10 merfolk
  7 necrophages
  2 manticores
  Menkaure (D:6)
  2 porcupines
  An orc warrior (D:7)
  2 giant goldfish (Spider:5)
  A sky beast (D:5)
  A yellow wasp (Spider:2)
  4 centaurs
  8 black bears (Lair:8)
  6 crocodiles
  A boring beetle (Lair:8)
  A big kobold (D:11)
  9 giant frogs
  A giant slug (Lair:1)
  6 water moccasins
  3 agate snails
  3 jellyfish (Spider:5)
  11 killer bees
  2 electric eels (Spider:5)
  3 goliath beetles
  4 crimson imps
  A hound (D:2)
  27 spiders
  2 orc wizards
  A big fish (Spider:2)
  A centaur skeleton (D:10)
  2 worker ants
  4 sheep (Lair:5)
  3 iguanas
  4 scorpions
  7 adders
  2 giant centipedes
  5 green rats (Lair:1)
  3 worms
  A scorpion zombie (D:10)
  An adder skeleton (D:7)
  3 giant geckos
  4 oozes (D:4)
  9 orcs
  2 ball pythons
  9 bats
  A bat skeleton (D:6)
  A bat zombie (D:6)
  A giant cockroach (D:2)
  6 goblins
  7 hobgoblins
  10 jackals
  10 kobolds
  3 quokkas
  2 giant newts (D:2)
  A kobold skeleton (D:4)
  A quokka zombie (D:10)
  13 rats
  3 fungi (Lair:8)
  3 tentacles (Shoals:4)
457 creatures vanquished.

Vanquished Creatures (collateral kills)
  2 emperor scorpions (Spider:5)
  4 wolf spiders (Spider:5)
  A moth of wrath (Spider:5)
  3 jumping spiders (Spider:5)
  2 redbacks (Spider:5)
  2 giant goldfish (Spider:5)
  An electric eel (Spider:5)
15 creatures vanquished.

Vanquished Creatures (others)
  4 orb spiders (Spider:4)
  A tarantella (Spider:5)
  5 redbacks
  5 spiders
  A giant centipede (Spider:5)
  5 tentacles (Shoals:4)
  349 tentacle segments (Shoals:4)
370 creatures vanquished.

Grand Total: 842 creatures vanquished
